 Dungeon Crawl Stone Soup version 0.28-a0-863-g8cecda6153 (webtiles) character file.

Game seed: 9988007242993472927

49 bjtr the Conjurer (level 4, -2/30 HPs)
             Began as a Human Conjurer on Nov 17, 2021.
             Killed from afar by an orc wizard (7 damage)
             ... with a puff of flame
             ... on level 2 of the Dungeon.
             The game lasted 00:07:17 (1997 turns).

bjtr the Conjurer (Human Conjurer)                  Turns: 1997, Time: 00:07:18

Health: -2/30      AC:  3    Str:  7    XL:     4   Next: 2%
Magic:  1/7        EV: 11    Int: 20    God:
Gold:   50         SH:  0    Dex: 11    Spells: 4/7 levels left

rFire   . . .      SeeInvis .   c - +0 spear
rCold   . . .      Faith    .   (no shield)
rNeg    . . .      Spirit   .   b - +0 leather armour
rPois   .          Reflect  .   (no helmet)
rElec   .          Harm     .   (no cloak)
rCorr   .          Rampage  .   (no gloves)
Will    .....                   (no boots)
Stlth   +.........              (no amulet)
HPRegen 0.10/turn               (no ring)
MPRegen 0.10/turn               (no ring)

@: confused, flying (expiring)
A: no striking features
a: no special abilities


You were on level 2 of the Dungeon.
You visited 1 branch of the dungeon, and saw 2 of its levels.

You collected 50 gold pieces.

Inventory:

Hand Weapons
 c - a +0 spear (weapon)
 g - a +0 short sword
Missiles
 e - 47 sling bullets
 h - 42 stones
 i - 3 silver javelins
Armour
 a - a +0 robe
 b - a +0 leather armour (worn)
Potions
 d - a potion of flight


   Skills:
 + Level 0.2 Armour
 + Level 2.0 Dodging
 + Level 2.2 Stealth
 * Level 2.2 Spellcasting
 * Level 4.8 Conjurations
 * Level 0.8 Fire Magic


You had 4 spell levels left.
You knew the following spells:

 Your Spells              Type           Power      Damage    Failure   Level
a - Magic Dart            Conj           84%        1d7       3%          1
b - Searing Ray           Conj           42%        2d6       4%          2

Your spell library contained the following spells:

 Spells                   Type           Power      Damage    Failure   Level
 Static Discharge         Conj/Air       11%        N/A       13%         2
 Dazzling Flash           Conj/Hex       22%        N/A       26%         3
 Sticky Flame             Conj/Fire      13%        2d4       56%         4
 Fulminant Prism          Conj/Hex       5%         3d7       63%         4
 Iskenderun's Mystic Bla  Conj/Tloc      11%        2d4       63%         4
 Dispel Undead            Necr           2%         3d7       92%         4


Dungeon Overview and Level Annotations

Branches:
Dungeon (2/15)

Altars:


Message History

The searing ray hits the orc.
The orc is heavily wounded. (Press . to maintain the ray.)
You have reached level 4!
You feel clever.
Okay, then.
You hit the orc wizard.
The orc wizard is heavily wounded.
The orc wizard barely misses you.
You hit the orc wizard.
The orc wizard is severely wounded.
The orc wizard hits you but does no damage.
You hit the orc wizard but do no damage.
The orc wizard is severely wounded.
The orc wizard hits you with a +0 dagger.
You hit the orc wizard.
The orc wizard is severely wounded.
The orc wizard hits you with a +0 dagger.
You closely miss the orc wizard.
The orc wizard is severely wounded.
The orc wizard hits you with a +0 dagger.
* * * LOW HITPOINT WARNING * * *
Your magical contamination has completely faded away.
You closely miss the orc wizard.
The orc wizard is severely wounded.
The orc wizard hits you with a +0 dagger.
* * * LOW HITPOINT WARNING * * *
The orc wizard gestures at you while chanting.
You are confused.
Okay, then.
The orc wizard gestures at you while chanting.
You resist with some effort.
You see here a frilled lizard corpse.
You bump into the rock wall.
The orc wizard gestures at you while chanting.
You are more confused.
You are starting to lose your buoyancy.
The orc wizard casts a spell at you. The puff of flame hits you!
You die...

##..................
....................
.###................
#................ #..
#................
#...###................
#..........###.#.......
#......)...###.........
###........oo@†.........
#.......#####.........
..............).......
..........####.......##
........#### #.......#
........# #.......#
...... #.......# ....
#.......# #.. #.......#
#..


You could see an orc wizard and an orc.

Vanquished Creatures
  An orc (D:2)
  3 endoplasms (D:1)
  3 giant cockroaches
  2 goblins (D:1)
  A hobgoblin (D:2)
  3 jackals (D:1)
  2 quokkas
  4 ball pythons (D:1)
  5 bats
  10 frilled lizards
  3 kobolds
  2 rats
39 creatures vanquished.

Vanquished Creatures (others)
  An orc wizard (D:2)
  2 plants (D:1)
3 creatures vanquished.

Grand Total: 42 creatures vanquished

Notes
Turn   | Place    | Note
-------+----------+-------------------------------------------
     0 | D:1      | bjtr the Human Conjurer began the quest for the Orb.
     0 | D:1      | Reached XP level 1. HP: 13/13 MP: 3/3
   192 | D:1      | Reached XP level 2. HP: 2/19 MP: 1/5
   195 | D:1      | Learned a level 2 spell: Searing Ray
   874 | D:1      | Reached XP level 3. HP: 24/24 MP: 2/6
  1035 | D:1      | Found a faded altar of an unknown god.
  1989 | D:2      | Reached XP level 4. HP: 14/30 MP: 0/7
  1997 | D:2      | Killed from afar by an orc wizard

Illustrated notes

Levels and vault maps discovered:
D:1:      lightli_arrival_statuegarden, layout_basic,
          ebering_ecumenical_altar_sacrificial, minmay_lizard_king
D:2:      layout_basic, serial_shops, nicolae_shop_trees

Action                   |  1- 3 |  4- 6 || total
-------------------------+-------+-------++-------
Melee: Spear             |    21 |     6 ||    27
 Cast: Magic Dart        |    33 |       ||    33
       Searing Ray       |    12 |       ||    12
  Use: Potion            |     3 |       ||     3
       Scroll            |     1 |       ||     1
 Stab: Sleeping          |     1 |       ||     1
Armor: Leather armour    |    18 |     1 ||    19
Dodge: Dodged            |    25 |     1 ||    26

Table legend: (Time is in decaauts)
 A = Elapsed time spent in this place.
 B = Non-inter-level travel time spent in this place.
 C = Inter-level travel time spent in this place.
 D = Time resting spent in this place.
 E = Time spent auto-exploring this place.
 F = Levels seen in this place.
 G = Mean time per level.
                   A        B        C        D        E       F      G
               +--------+--------+--------+--------+--------+-----+--------+
         Total |   1999 |   1979 |     20 |    541 |   1131 |   2 |  999.5 |
       Dungeon |   1999 |   1979 |     20 |    541 |   1131 |   2 |  999.5 |
               +--------+--------+--------+--------+--------+-----+--------+

Top non-repeatable levels by time:
     D:1: 1503 daAuts
     D:2: 495 daAuts
